 Dungeon Crawl Stone Soup version 0.29-a0-88-g03a7b78be7 (webtiles) character file.

Game seed: 15730187851190792064

12005 Sweetruy1997 the Basher (level 11, -7/85 HPs)
             Began as a Hill Orc Fighter on Feb 5, 2022.
             Was a Priest of Beogh.
             Mangled by a boulder beetle (35 damage)
             ... on level 11 of the Dungeon.
             The game lasted 00:42:48 (13712 turns).

Sweetruy1997 the Basher (Hill Orc Fighter)         Turns: 13712, Time: 00:42:49

Health: -7/85      AC: 10    Str: 20    XL:     11   Next: 86%
Magic:  26/26      EV: 12    Int: 10    God:    Beogh [***...]
Gold:   319        SH: 12    Dex: 18    Spells: 10/18 levels left

rFire   . . .      SeeInvis .   r - +6 mace "Bynk" {freeze, rC+}
rCold   + + .      Faith    .   c - +0 buckler
rNeg    . . .      Spirit   .   F - +1 leather armour of Filth {rC+ Regen+ rCorr}
rPois   .          Reflect  +   H - +0 hat {Stlth+}
rElec   .          Harm     .   o - +1 cloak
rCorr   +          Rampage  .   u - +0 pair of gloves
Will    .....                   f - +0 pair of boots
Stlth   +++.......              p - amulet of reflection
HPRegen 1.04/turn               k - ring of magical power
MPRegen 0.20/turn               n - +6 ring of dexterity

@: no status effects
A: MP-powered wands
a: Renounce Religion, Smiting


You were on level 11 of the Dungeon.
You worshipped Beogh.
Beogh was most pleased with you.
You visited 4 branches of the dungeon, and saw 14 of its levels.
You also visited: Ossuary.

You collected 842 gold pieces.
You spent 523 gold pieces at shops.

Inventory:

Hand Weapons
 a - a +0 war axe
 r - the +6 mace "Bynk" (weapon) {freeze, rC+}
   (You found it on level 2 of the Dungeon)

   It freezes those it strikes, dealing additional cold damage.
   It can also slow down cold-blooded creatures.
   rC:        It protects you from cold.
Missiles
 E - 2 boomerangs
Armour
 c - a +0 buckler (worn)
 f - a +0 pair of boots (worn)
 o - a +1 cloak (worn)
 u - a +0 pair of gloves (worn)
 F - the +1 leather armour of Filth (worn) {rC+ Regen+ rCorr}
   (You bought it in a shop on level 9 of the Dungeon)

   rC:        It protects you from cold.
   Regen:     It increases your rate of health regeneration.
   rCorr:     It protects you from acid and corrosion.
 H - a +0 hat of stealth (worn)
Jewellery
 b - a ring of poison resistance
 k - a ring of magical power (left hand)
 l - a ring of protection from cold
 n - a +6 ring of dexterity (right hand)
 p - an amulet of reflection (around neck)
 q - a ring of positive energy
 D - a ring of fire
Wands
 v - a wand of flame (18)
 C - a wand of iceblast (7)
 G - a wand of paralysis (1)
Scrolls
 g - a scroll of fear
 h - 6 scrolls of teleportation
 x - a scroll of fog
 y - a scroll of summoning {unknown}
 B - a scroll of magic mapping
 I - a scroll of identify
Potions
 d - a potion of haste
 e - 2 potions of lignification
 i - 3 potions of curing
 j - a potion of magic {unknown}
 m - a potion of cancellation {unknown}
 s - 2 potions of brilliance
 t - a potion of flight
 w - a potion of attraction {unknown}
 z - 3 potions of might
 A - a potion of resistance {unknown}


   Skills:
 + Level 4.8 Fighting
 - Level 4.0(9.3) Axes
 + Level 11.0(11.2) Maces & Flails
 + Level 9.4 Armour
 + Level 2.3 Dodging
 + Level 2.1 Stealth
 + Level 9.9 Shields
 + Level 4.0 Spellcasting
 + Level 4.5 Conjurations
 + Level 0.6 Transmutations
 + Level 5.2 Fire Magic
 + Level 0.5 Poison Magic


You had 10 spell levels left.
You knew the following spells:

 Your Spells              Type           Power      Damage    Failure   Level
a - Sting                 Tmut/Pois      12%        1d3       28%         1
b - Foxfire               Conj/Fire      44%        2x1d6     4%          1
c - Conjure Flame         Conj/Fire      11%        6-21      14%         3
d - Inner Flame           Hex/Fire       7%         N/A       36%         3

Your spell library contained the following spells:

 Spells                   Type           Power      Damage    Failure   Level
 Poisonous Vapours        Pois/Air       4%         N/A       43%         2
 Flame Wave               Conj/Fire      11%        2d5       43%         4
 Ozocubu's Armour         Ice            2%         N/A       71%         3
 Olgreb's Toxic Radiance  Pois           3%         N/A       95%         4
 Animate Dead             Necr           1%         N/A       98%         4
 Haunt                    Necr/Summ      1%         N/A       100%        7
 Ozocubu's Refrigeration  Ice            1%         4d5       100%        7
 Infestation              Necr           1%         N/A       100%        8


Dungeon Overview and Level Annotations

Branches:
Dungeon (11/15)            Temple (1/1) D:5            Lair (1/6) D:9
    Orc (1/2) D:10        Ossuary (visited)

Altars:
Ashenzari
Cheibriados
Dithmenos
Elyvilon
Fedhas
Gozag
Hepliaklqana
Kikubaaqudgha
Makhleb
Nemelex Xobeh
Okawaru
Qazlal
Ru
Sif Muna
Trog
Uskayaw
Vehumet
Wu Jian
Xom
Yredelemnul
Zin
The Shining One
Beogh
Jiyva

Shops:
D:2 (   D:9 [   D:10 !

Portals:
Trove: D:10 (give +6 demon whip)

Annotations:
D:11 1 runed translucent door, sirJeffrey23's ghost, journeyman HOMo


Innate Abilities, Weirdness & Mutations

You expend magic power (3 MP) to strengthen your wands.


Message History

SirJeffrey23's ghost wails, "They lied to you.
The Dungeon just goes down and down forever."
A boulder beetle is nearby!
You conjure some foxfire!
The foxfire hits the boulder beetle but does no damage.
Casting: Foxfire (safe; 4% risk of failure)
Confirm with . or Enter, or press ? or * to list all spells.
The fire begins to smoulder!
Your foxfire dissipates!
Your orc wizard hits something but does no damage.
Something closely misses your orc wizard.
The fire ignites!
Your orc wizard hits something but does no damage.
Something bites your orc wizard.
Your orc wizard casts a spell at thin air.
Something bites your orc wizard!!
Your orc wizard casts a spell at thin air.
Something bites your orc wizard!!
Your orc wizard dies!
The boulder beetle closely misses you.
SirJeffrey23's ghost whispers, "The ORB doesn't exist."
The boulder beetle curls into a ball and begins rolling!
The boulder beetle hits you!!
The boulder beetle stops rolling and uncurls.
You hit the boulder beetle but do no damage.
The boulder beetle is lightly wounded.
The boulder beetle bites you!!
You hit the boulder beetle but do no damage.
The boulder beetle is lightly wounded.
The boulder beetle bites you.
You are too injured to fight recklessly!
You hit the boulder beetle but do no damage.
The boulder beetle is lightly wounded.
The boulder beetle closely misses you.
You hit the boulder beetle but do no damage.
The boulder beetle is lightly wounded.
The boulder beetle leaps!
The boulder beetle bites you!!
The boulder beetle curls into a ball and begins rolling!
The boulder beetle hits you!!
You die...

#...#.....#
...........#...#.....#
...........#...#.....#
.........°.#...#.....#
........°. #...#.....+
......B #...#.....#
.... ##..#<....#+##+#
##)######..###.........
#.....@......#......^..
+......B.....#.........
###⌠...⌠####.'.........
♣W###+###i♣###.........
♣♣$ihh.♣♣i♣#.......####
♣P..♣♣P.♣♣#.......#
♣♣..! ♣.♣ #.......#
.♣♣P. .♣#........# ♣♣
♣#........#


You could see a boulder beetle (rolling), a spriggan rider, a polar bear, a
black bear, 2 spriggans and sirJeffrey23's ghost.

Vanquished Creatures
  Gastronok (D:10)
  Erica (D:8)
  2 two-headed ogres
  2 orc knights (Orc:1)
  A cane toad (D:9)
  Maggie (D:10)
  3 trolls
  Grinder (D:3)
  3 wyverns (D:8)
  A basilisk (D:9)
  10 yaks
  A warg (Orc:1)
  6 water moccasins
  A hornet zombie (D:7)
  4 black bears
  7 orc warriors
  2 ice beasts
  2 wolves
  A centaur (D:10)
  An ogre (Orc:1)
  5 kobold brigands
  An elf zombie (Ossuary)
  Blork the orc (D:6)
  3 bullfrogs
  4 gnoll sergeants
  2 scorpions
  6 killer bees (D:8)
  3 wights (D:9)
  A crimson imp (D:10)
  2 hounds
  2 bullfrog zombies
  4 centaur zombies
  3 orc priests
  Crazy Yiuf (D:4)
  A centaur skeleton (D:6)
  2 human zombies (Ossuary)
  2 orc wizards
  2 iguanas
  A statue (D:7)
  3 mummies (Ossuary)
  A hound skeleton (D:5)
  5 adders
  9 gnolls
  A howler monkey skeleton (D:7)
  A shadow imp (D:8)
  5 white imps
  An ufetubus (D:7)
  2 adder zombies (Ossuary)
  A worm (D:2)
  4 dart slugs
  21 orcs
  12 ball pythons
  4 endoplasms
  A giant cockroach (D:1)
  8 goblins
  9 hobgoblins
  2 jackals (D:4)
  9 kobolds
  3 quokkas
  A bat (D:1)
  6 frilled lizards
  2 gnoll zombies (Ossuary)
  4 goblin zombies (Ossuary)
  5 hobgoblin zombies (Ossuary)
  4 jackal zombies (Ossuary)
  3 kobold zombies (Ossuary)
  2 orc zombies (Ossuary)
  5 quokka zombies (Ossuary)
  4 rats
  A rat zombie (Ossuary)
  A spectral orc (D:3)
  A foxfire (Orc:1)
  A toadstool (D:5)
239 creatures vanquished.

Vanquished Creatures (collateral kills)
  A two-headed ogre (Orc:1)
  An orc warrior (Orc:1)
  An ogre (Orc:1)
  2 orcs (Orc:1)
5 creatures vanquished.

Vanquished Creatures (others)
  An orc warrior (Orc:1)
  2 orc wizards
  4 orcs (Orc:1)
  2 jackals (D:4)
  248 foxfires
  4 fungi
  15 plants
  4 toadstools (D:5)
280 creatures vanquished.

Grand Total: 524 creatures vanquished

Notes
Turn   | Place    | Note
-------+----------+-------------------------------------------
     0 | D:1      | Sweetruy1997 the Hill Orc Fighter began the quest for the
                  | Orb.
     0 | D:1      | Reached XP level 1. HP: 19/19 MP: 1/1
    29 | D:1      | Reached XP level 2. HP: 26/27 MP: 2/2
   306 | D:1      | Found a faded altar of an unknown god.
   339 | D:1      | Reached XP level 3. HP: 30/33 MP: 3/3
  1419 | D:2      | Reached skill level 1 in Dodging
  1419 | D:2      | Reached XP level 4. HP: 40/40 MP: 4/4
  1741 | D:2      | Identified the +6 mace "Bynk" {freeze, rC+}
  1769 | D:2      | Found Wochiut's Weapon Shop.
  1893 | D:3      | You fall into a shaft and drop 3 floors!
  2044 | D:5      | Entered Level 5 of the Dungeon
  2105 | D:5      | Reached XP level 5. HP: 28/46 MP: 5/5
  2841 | D:3      | Noticed Grinder
  3152 | D:3      | Paralysed by Grinder for 4 turns
  3160 | D:3      | Paralysed by Grinder for 4 turns
  3165 | D:3      | Killed Grinder
  3166 | D:3      | Reached skill level 2 in Maces & Flails
  3166 | D:3      | Reached skill level 5 in Armour
  3166 | D:3      | Reached XP level 6. HP: 4/52 MP: 6/6
  3594 | D:3      | Found a basalt altar of Yredelemnul.
  3728 | D:4      | Found a runed translucent door.
  3729 | D:4      | Noticed Crazy Yiuf
  3850 | D:4      | Learned a level 1 spell: Sting
  4003 | D:4      | Reached skill level 3 in Maces & Flails
  4138 | D:4      | Found a roughly hewn altar of Beogh.
  4140 | D:4      | Became a worshipper of Beogh the Brigand
  4211 | D:4      | Identified the +9 quarterstaff of Wiywnug {drain, Will+
                  | Str+3}
  4255 | D:4      | Found an opulent altar of Gozag.
  4256 | D:4      | Found a glowing silver altar of Zin.
  4444 | D:4      | Killed Crazy Yiuf
  4445 | D:4      | Reached XP level 7. HP: 52/59 MP: 7/7
  4764 | D:5      | Reached skill level 4 in Maces & Flails
  4940 | D:5      | Found a staircase to the Ecumenical Temple.
  4954 | Temple   | Entered the Ecumenical Temple
  5354 | D:5      | Learned a level 1 spell: Foxfire
  5554 | D:6      | Noticed Blork the orc
  5566 | D:6      | Killed Blork the orc
  5929 | D:6      | Reached XP level 8. HP: 66/66 MP: 8/8
  5983 | D:6      | Reached skill level 5 in Maces & Flails
  5983 | D:6      | Reached skill level 5 in Shields
  5983 | D:6      | Reached skill level 1 in Conjurations
  6356 | D:6      | Found an ancient bone altar of Kikubaaqudgha.
  6373 | D:6      | Reached skill level 1 in Fire Magic
  6543 | D:7      | Reached skill level 1 in Spellcasting
  6730 | D:7      | Found a sand-covered staircase.
  6760 | Ossuary  | Entered an ossuary
  7465 | D:7      | Reached skill level 6 in Maces & Flails
  7488 | D:7      | Found an iron altar of Okawaru.
  7498 | D:7      | Reached * piety under Beogh
  8022 | D:7      | Reached XP level 9. HP: 71/71 MP: 11/11
  8102 | D:7      | Found a radiant altar of Vehumet.
  8516 | D:7      | Reached skill level 1 in Stealth
  8839 | D:8      | Reached skill level 7 in Maces & Flails
  9110 | D:8      | Noticed Erica
  9131 | D:8      | Killed Erica
  9384 | D:8      | Found an ornate altar of the Wu Jian Council.
  9648 | D:8      | Reached skill level 8 in Maces & Flails
  9964 | D:8      | Reached XP level 10. HP: 69/78 MP: 13/13
 11120 | D:9      | Found a staircase to the Lair.
 11262 | D:9      | Reached skill level 9 in Maces & Flails
 11319 | D:9      | Reached ** piety under Beogh
 11339 | D:9      | Found Xufi's Antique Armour Shop.
 11470 | D:9      | Bought a crude leather armour for 203 gold pieces
 11470 | D:9      | Identified the +1 leather armour of Filth {rC+ Regen+
                  | rCorr} (You bought it in a shop on level 9 of the Dungeon)
 11486 | D:9      | Noticed a two-headed ogre
 11505 | D:9      | Killed a two-headed ogre
 11606 | D:9      | Found a blossoming altar of Fedhas.
 11761 | Lair:1   | Entered Level 1 of the Lair of Beasts
 11779 | D:9      | Upgraded the game from 0.29-a0-82-g837932c90e to
                  | 0.29-a0-88-g03a7b78be7
 11791 | Lair:1   | Noticed a cane toad
 11836 | D:9      | Killed a cane toad
 11843 | D:9      | Reached skill level 10 in Maces & Flails
 11847 | D:9      | Learned a level 3 spell: Conjure Flame
 11851 | D:9      | Learned a level 3 spell: Inner Flame
 11858 | D:10     | Entered Level 10 of the Dungeon
 11858 | D:10     | Noticed Maggie
 11859 | D:10     | Paralysed by Maggie for 7 turns
 11878 | D:10     | Killed Maggie
 11879 | D:10     | Reached XP level 11. HP: 42/84 MP: 15/15
 11968 | D:10     | Noticed a two-headed ogre
 11989 | D:10     | Killed a two-headed ogre
 12130 | D:10     | Noticed Gastronok
 12160 | D:10     | Killed Gastronok
 12202 | D:10     | Found Yluppia's Distillery.
 12308 | D:10     | Bought a potion of mutation for 128 gold pieces
 12308 | D:10     | Bought 2 potions of brilliance for 128 gold pieces
 12308 | D:10     | Bought a potion of might for 64 gold pieces
 12308 | D:10     | Gained mutation: You have a pair of small horns on your
                  | head. [potion of mutation]
 12308 | D:10     | Gained mutation: You occasionally shout uncontrollably at
                  | your foes. [potion of mutation]
 12309 | D:10     | Lost mutation: You have a pair of small horns on your head.
                  | [potion of mutation]
 12309 | D:10     | Lost mutation: You occasionally shout uncontrollably at
                  | your foes. [potion of mutation]
 12309 | D:10     | Gained mutation: You expend magic power (3 MP) to
                  | strengthen your wands. [potion of mutation]
 12326 | D:10     | Found a burning altar of Makhleb.
 12333 | D:10     | Found a shimmering altar of Xom.
 12369 | D:10     | Found a staircase to the Orcish Mines.
 12940 | D:10     | Found a sparkling altar of Nemelex Xobeh.
 12963 | D:10     | Reached *** piety under Beogh
 13164 | D:10     | Found a portal to a secret trove of treasure.
 13272 | Orc:1    | Entered Level 1 of the Orcish Mines
 13295 | Orc:1    | Noticed a two-headed ogre
 13302 | Orc:1    | Killed a two-headed ogre
 13303 | Orc:1    | Reached skill level 5 in Fire Magic
 13352 | Orc:1    | Noticed an orc knight
 13370 | Orc:1    | Killed an orc knight
 13374 | Orc:1    | Reached skill level 11 in Maces & Flails
 13486 | Orc:1    | Noticed an orc knight
 13518 | Orc:1    | Killed an orc knight
 13677 | D:11     | Found a runed translucent door.
 13684 | D:11     | Noticed a spriggan rider
 13684 | D:11     | Identified the +2 trident of Inis {vorpal, +Blink Fly Will+
                  | Str+4}
 13684 | D:11     | Noticed sirJeffrey23's ghost (journeyman HOMo)
 13691 | D:11     | Noticed a boulder beetle
 13712 | D:11     | Mangled by a boulder beetle

Illustrated notes

Levels and vault maps discovered:
D:1:      lemuel_arrival_room, layout_loops_ring,
          chequers_ecumenical_altar_simple_redux
D:2:      layout_loops_corners, serial_shops, nicolae_shop_trees,
          grunt_ministairs_2, minmay_misc_feat_plants, minmay_misc_feat_rows,
          minmay_pentomino_q2
D:3:      layout_loops_corners, yredelemnul_forgotten_temple_becter,
          kennysheep_generic_room_5, uniq_grinder
D:4:      layout_basic, grunt_temple_overflow_gold_and_silver,
          hangedman_decor_lopped, kennysheep_orc_chapel, uniq_crazy_yiuf_cottage
D:5:      layout_loops_cross, minmay_temple_entry_slanted,
          minmay_gold_behind_fungi, corexii_shack
D:6:      layout_basic, nicolae_kikubaaqudgha_miasma_corner,
          lightli_orcish_oven, uniq_blork_the_orc
D:7:      layout_cave_pods, vehumet_statue, okawaru_metal_pillars_1_2,
          enter_ossuary_1, minmay_holes
D:8:      layout_loops_ring, kennysheep_mini_moat, uniq_erica
D:9:      layout_gridville, fedhas_altar_4, minmay_lair_entry_grove,
          serial_shops, nicolae_shop_statue_plus, patterned_corridor
D:10:     layout_long_grid, nemelex_spade_bored_becter,
          grunt_temple_overflow_champion_of_chaos,
          kennysheep_orc_monster_closet_entryway, serial_shops, shop_fountains,
          enter_trove_3, uniq_gastronok, uniq_maggie
D:11:     layout_gridville, ebering_ghost_funeral_grove, minmay_st_funbox
Temple:   pf_slime_end_temple
Lair:1:   layout_hall_layers, lemuel_fruit_tree, grunt_megastairs_4
Orc:1:    layout_caves, uniq_fannar

Skill      XL: |  1  2  3  4  5  6  7  8  9 10 11 |
---------------+----------------------------------+-----
Axes           | 3 4 |  4.0
Fighting       | 4 |  4.8
Dodging        | 1 2 |  2.3
Armour         | 4 5 6 7 8 9 |  9.4
Shields        | 4 5 7 9 |  9.9
Maces & Flails | 2 3 4 6 8 10 11 | 11.0
Conjurations   | 2 3 4 |  4.5
Fire Magic     | 2 3 4 5 |  5.2
Spellcasting   | 1 2 4 |  4.0
Stealth        | 1 2 |  2.1
Transmutations | |  0.6
Poison Magic   | |  0.5

Action                   |  1- 3 |  4- 6 |  7- 9 | 10-12 || total
-------------------------+-------+-------+-------+-------++-------
Melee: War axe           |   101 |    19 |       |       ||   120
       Mace              |       |    83 |   337 |   300 ||   720
 Cast: Foxfire           |       |       |    45 |   103 ||   148
       Sting             |       |       |       |    11 ||    11
       Conjure Flame     |       |       |       |     3 ||     3
Invok: Convert to Beogh  |       |     1 |       |       ||     1
Evoke: Wand              |       |       |       |     3 ||     3
  Use: Scroll            |     1 |     7 |    10 |     2 ||    20
       Potion            |       |     1 |     5 |     4 ||    10
 Stab: Invisible         |       |       |     2 |       ||     2
       Paralysed         |       |       |       |     5 ||     5
       Distracted        |       |       |       |     1 ||     1
       Sleeping          |       |       |       |     1 ||     1
Armor: Scale mail        |    59 |    43 |   149 |    65 ||   316
       Leather armour    |       |       |       |    47 ||    47
Dodge: Dodged            |    57 |    34 |   110 |   154 ||   355
Block: Buckler           |    25 |    31 |   202 |   220 ||   478
       Reflection        |       |     2 |     5 |     3 ||    10

Table legend: (Time is in decaauts)
 A = Elapsed time spent in this place.
 B = Non-inter-level travel time spent in this place.
 C = Inter-level travel time spent in this place.
 D = Time resting spent in this place.
 E = Time spent auto-exploring this place.
 F = Levels seen in this place.
 G = Mean time per level.
                   A        B        C        D        E       F      G
               +--------+--------+--------+--------+--------+-----+--------+
         Total |  13837 |  13116 |    721 |   2756 |   7766 |  15 |  922.5 |
       Dungeon |  12646 |  11970 |    676 |   2533 |   7289 |  11 | 1149.6 |
        Temple |    138 |    126 |     12 |      0 |    112 |   1 |  138.0 |
          Lair |     47 |     41 |      6 |      0 |     16 |   1 |   47.0 |
  Orcish Mines |    355 |    328 |     27 |     49 |    182 |   1 |  355.0 |
       Ossuary |    650 |    650 |      0 |    174 |    167 |   1 |  650.0 |
               +--------+--------+--------+--------+--------+-----+--------+

Top non-repeatable levels by time:
     D:8: 2144 daAuts
     D:2: 1575 daAuts
     D:7: 1538 daAuts
    D:10: 1391 daAuts
     D:6: 1150 daAuts
     D:9: 1047 daAuts
     D:4: 981 daAuts
     D:5: 979 daAuts
     D:1: 932 daAuts
     D:3: 856 daAuts
 Ossuary: 650 daAuts
   Orc:1: 355 daAuts
  Temple: 138 daAuts
  Lair:1: 47 daAuts
    D:11: 47 daAuts
